 Dungeon Sprint DCSS version 0.21-a0-265-gb353147 (webtiles) character file.

132 minicreteconcrete the Protected (level 9, -2/73 HPs)
             Began as a Demonspawn Fighter on Sept 12, 2017.
             Was an Initiate of Ru.
             Collided with a stone wall (15 damage)
             ... caused by a deep elf mage
             ... in the Dungeon (Sprint VI: "Thunderdome").
             The game lasted 00:07:54 (548 turns).

minicreteconcrete the Protected (Demonspawn Fighter) Turns: 548, Time: 00:07:54

Health: -2/73      AC: 11    Str: 20    XL:     9   Next: 47%
Magic:  22/22      EV:  9    Int:  9    God:    Ru [......]
Gold:   76         SH: 11    Dex: 13    Spells: 8/8 levels left

rFire    . . .     SeeInvis .   a - +0 war axe
rCold    x . .     Gourm    .   c - +0 shield
rNeg     + . .     Faith    .   b - +0 scale mail
rPois    .         Spirit   .   (no helmet)
rElec    +         Reflect  .   (no cloak)
rCorr    .         Harm     .   (no gloves)
MR       .....     NoTele   +   (no boots)
Stlth    ..........             q - amulet of the Tormentor {+Inv rElec rC- rN+ Regen+}
HPRegen  0.62/turn              s - ring "Teploxzif" {rElec MP+9}
MPRegen  0.18/turn              (no ring)

@: slightly contaminated
A: claws 2, rugged brown scales 2, demonic guardian 1, frail 1
a: Renounce Religion, Evoke Invisibility


You were in the Dungeon.
You worshipped Ru.
Ru was noncommittal.
You were not hungry.

You visited 1 branch You collected 400 gold pieces.
You spent 324 gold pieces at shops.

Inventory:

Hand Weapons
 a - a +0 war axe (weapon)
Armour
 b - a +0 scale mail (worn)
 c - a +0 shield (worn)
Jewellery
 q - the amulet of the Tormentor (around neck) {+Inv rElec rC- rN+ Regen+}
   (You bought it in a shop in the Dungeon)

   [amulet of regeneration]

   It makes you vulnerable to cold.
   It insulates you from electricity.
   It protects you from negative energy.
   It lets you turn invisible.
   It increases your rate of regeneration.
 r - the ring "Jinlokhlufuum" {rCorr rElec rF+++ Str-4 Dex-3}
   (You bought it in a shop in the Dungeon)

   [ring of resist corrosion]

   It affects your strength (-4).
   It affects your dexterity (-3).
   It renders you almost immune to fire.
   It insulates you from electricity.
 s - the ring "Teploxzif" (left claw) {rElec MP+9}
   (You bought it in a shop in the Dungeon)

   [ring of magical power]

   It insulates you from electricity.
   It affects your magic capacity (+9).
Wands
 m - a wand of acid (0/15)
 n - a wand of iceblast (0/15)
Scrolls
 k - 2 scrolls of blinking
 o - 3 scrolls of fog
Potions
 d - 2 potions of heal wounds
 h - 3 potions of haste
 i - 2 potions of magic
 j - a potion of berserk rage
 l - a potion of resistance
Comestibles
 f - a bread ration
 p - 5 chunks of flesh


   Skills:
 + Level 9.4 Fighting
 + Level 11.1 Axes
 + Level 11.4 Armour
 + Level 2.2 Dodging
 + Level 1.2 Stealth
 + Level 8.4 Shields
 + Level 6.1 Evocations


You had 8 spell levels left.
You didn't know any spells.

Dungeon Overview and Level Annotations

Branches:
Dungeon (1/1)

Altars:
Cheibriados
Dithmenos
Fedhas
Gozag
Kikubaaqudgha
Makhleb
Okawaru
Qazlal
Ru
Sif Muna
Trog
Uskayaw
Vehumet
Wu Jian
Xom
Yredelemnul
Zin
The Shining One
Beogh
Jiyva
Lugonu

Shops:
D *[%??*?*:[((!!!!


Innate Abilities, Weirdness & Mutations

You have very sharp fingernails.
You are mostly covered in rugged brown scales. (AC +2, +5% HP)
A weak demonic guardian rushes to your aid.
You are frail. (-10% HP)


Message History

The tarantella disappears in a puff of smoke! 10...
Your shadow imp barely misses the hell rat.
The hell rat disappears in a puff of smoke!
The deep elf mage barely misses your shadow imp.
Your shadow imp hits the battlesphere. 5...
The deep elf mage casts a spell at you. The magic dart hits you!
Your shadow imp hits the battlesphere. 4... 3...
Your white imp gestures at the battlesphere.
The puff of frost hits the battlesphere.
The battlesphere resists.
The deep elf mage points at you and mumbles some strange words.
The lance of force hits you!
* * * LOW HITPOINT WARNING * * *
You are knocked back by the lance of force.
You slam into the stone wall!
You die...

######.8.........8.######
#⌠...5.......⌠#
###.5.......###
#_......._# #_*.e...._#
#_........# #∩.......∩#
##∩.....∩## ##...@.##
##⌠⌠⌠## #####


You could see a deep elf mage, a battlesphere, a friendly white imp and a
friendly shadow imp.

Vanquished Creatures
  3 two-headed ogres (D)
  A queen ant (D)
  3 ogres (D)
  A scorpion (D)
  A worker ant (D)
  A worm (D)
  3 giant cockroaches (D)
13 creatures vanquished.

Vanquished Creatures (collateral kills)
  A soldier ant (D)
  A killer bee (D)
  A worker ant (D)
3 creatures vanquished.

Vanquished Creatures (others)
  A deep elf mage (D)
1 creature vanquished.

Grand Total: 17 creatures vanquished

Notes
Turn   | Place    | Note
-------+----------+-------------------------------------------
     0 | D        | minicreteconcrete the Demonspawn Fighter began the quest for the Orb.
     0 | D        | Reached XP level 1. HP: 18/18 MP: 1/1
     1 | D        | Found a basalt altar of Yredelemnul.
     1 | D        | Found an iron altar of Okawaru.
     2 | D        | Found a glowing silver altar of Zin.
     2 | D        | Found a sacrificial altar of Ru.
     3 | D        | Found an opulent altar of Gozag.
     3 | D        | Found a corrupted altar of Lugonu.
     4 | D        | Found Ifias's Identification Station.
     4 | D        | Found a burning altar of Makhleb.
     4 | D        | Found a glowing golden altar of the Shining One.
     4 | D        | Found Nobbey's Bee Food.
     5 | D        | Found Isuax's Advanced Armour.
     5 | D        | Found Enoefaume's Jewellery.
     5 | D        | Round 1.
     9 | D        | Found a viscous altar of Jiyva.
    11 | D        | Found Opoperis's Magic Scroll Shop.
    13 | D        | Found an ancient bone altar of Kikubaaqudgha.
    13 | D        | Found a bloodstained altar of Trog.
    13 | D        | Found a radiant altar of Vehumet.
    13 | D        | Found Givir's Staff Store.
    13 | D        | Found Uscho's Magic Scroll Shop.
    13 | D        | Found Jibinex's Must-Have Magic.
    17 | D        | Found a snail-covered altar of Cheibriados.
    18 | D        | Found a roughly hewn altar of Beogh.
    19 | D        | Found a shadowy altar of Dithmenos.
    20 | D        | Found Fani's Distillery.
    20 | D        | Found an ornate altar of the Wu Jian Council.
    20 | D        | Found a shimmering altar of Xom.
    20 | D        | Found a stormy altar of Qazlal.
    20 | D        | Found Kokemiev's Do-It-Yourself Clinic.
    21 | D        | Found Xitib's Distillery.
    21 | D        | Found Jusea's Bottled Wisdom.
    24 | D        | Found a blossoming altar of Fedhas.
    25 | D        | Found a deep blue altar of Sif Muna.
    27 | D        | Found a hide-covered altar of Uskayaw.
    27 | D        | Found Hoepn's Weapon Rack.
    27 | D        | Found Zicok's Premium Goods.
    28 | D        | Found Zeruh's Basic Armour.
    28 | D        | Found Moca Eqa's Miscellaneous Merchandise.
    35 | D        | Became a worshipper of Ru the Awakened
    97 | D        | Noticed a scorpion
   101 | D        | Killed a scorpion
   101 | D        | Gained mutation: A weak demonic guardian rushes to your aid. [demonic ancestry]
   101 | D        | Reached XP level 2. HP: 26/26 MP: 2/2
   101 | D        | Reached XP level 3. HP: 31/31 MP: 3/3
   146 | D        | Arena points: 12 (+12) [x2]
   164 | D        | Bought a glittering sapphire amulet for 45 gold pieces
   164 | D        | Bought a sparkling ivory ring for 45 gold pieces
   164 | D        | Identified the ring "Jinlokhlufuum" {rCorr rElec rF+++ Str-4 Dex-3} (You bought it in a shop in the Dungeon)
   166 | D        | Identified the amulet of the Tormentor {+Inv rElec rC- rN+ Regen+} (You bought it in a shop in the Dungeon)
   167 | D        | Bought a brightly glowing lead ring for 45 gold pieces
   167 | D        | Identified the ring "Teploxzif" {rElec MP+9} (You bought it in a shop in the Dungeon)
   199 | D        | Round 2.
   218 | D        | Reached XP level 4. HP: 37/38 MP: 4/4
   255 | D        | Bought 4 potions of curing for 84 gold pieces
   319 | D        | Noticed a soldier ant
   320 | D        | Reached skill level 5 in Fighting
   320 | D        | Reached skill level 5 in Armour
   320 | D        | Reached skill level 1 in Evocations
   325 | D        | Killed a soldier ant
   325 | D        | Reached skill level 1 in Dodging
   325 | D        | Reached skill level 5 in Shields
   325 | D        | Gained mutation: You are partially covered in rugged brown scales. (AC +1, +3% HP) [demonic ancestry]
   325 | D        | Reached XP level 5. HP: 20/47 MP: 6/6
   335 | D        | Noticed a queen ant
   354 | D        | Killed a queen ant
   354 | D        | Arena points: 48 (+36) [x3]
   354 | D        | Gained mutation: You have sharp fingernails. [demonic ancestry]
   354 | D        | Reached XP level 6. HP: 22/57 MP: 9/9
   354 | D        | Reached XP level 7. HP: 24/62 MP: 10/10
   392 | D        | Round 3.
   392 | D        | Noticed a two-headed ogre
   406 | D        | Noticed a two-headed ogre
   409 | D        | Killed a two-headed ogre
   409 | D        | Reached skill level 5 in Evocations
   409 | D        | Gained mutation: You are mostly covered in rugged brown scales. (AC +2, +5% HP) [demonic ancestry]
   409 | D        | Reached XP level 8. HP: 19/71 MP: 11/11
   411 | D        | Noticed a two-headed ogre
   442 | D        | Killed a two-headed ogre
   442 | D        | Reached skill level 10 in Armour
   454 | D        | Reached skill level 10 in Axes
   454 | D        | Gained mutation: You have very sharp fingernails. [demonic ancestry]
   454 | D        | Reached XP level 9. HP: 28/78 MP: 13/13
   454 | D        | Killed a two-headed ogre
   457 | D        | Arena points: 132 (+84) [x4]
   476 | D        | Bought 3 potions of heal wounds for 105 gold pieces
   483 | D        | Round 4.
   483 | D        | Noticed a deep elf mage
   485 | D        | Noticed a deep elf mage
   488 | D        | Noticed a deep elf mage
   489 | D        | Noticed a deep elf mage
   497 | D        | Noticed a deep elf mage
   498 | D        | Noticed a deep elf mage
   509 | D        | Killed a deep elf mage
   509 | D        | Reached skill level 1 in Stealth
   511 | D        | Noticed a deep elf mage
   513 | D        | Noticed a jumping spider
   515 | D        | Noticed a sixfirhy
   516 | D        | Noticed an ice devil
   518 | D        | Noticed a deep elf mage
   522 | D        | Gained mutation: You are frail. (-10% HP) [mutagenic glow]
   548 | D        | Collided with a stone wall

Vault maps used:
D:        arena_sprint

Skill      XL: |  1  2  3  4  5  6  7  8  9 |
---------------+----------------------------+-----
Armour         | 4 6 8 9 10 11 | 11.4
Axes           | 3 4 7 8 10 11 | 11.1
Shields        | 4 5 7 8 |  8.4
Fighting       | 4 5 7 8 9 |  9.4
Evocations     | 1 4 5 6 |  6.1
Dodging        | 1 2 |  2.2
Stealth        | 1 |  1.2

Action                   |  1- 3 |  4- 6 |  7- 9 || total
-------------------------+-------+-------+-------++-------
Melee: War axe           |    21 |    21 |    37 ||    79
 Abil: Evoke Invisibilit |       |       |     2 ||     2
Evoke: Wand              |     3 |     7 |       ||    10
  Use: Potion            |       |     4 |     8 ||    12
       Scroll            |       |       |     2 ||     2
 Stab: Invisible         |       |       |     2 ||     2
Armor: Scale mail        |    10 |    10 |     6 ||    26
Dodge: Dodged            |     6 |     8 |    12 ||    26
Block: Shield            |    14 |     9 |    16 ||    39

Table legend:
 A = Spawn XP
 B = Non-spawn XP
 C = Spawn XP percentage of total XP
 D = Spawn monster count
 E = Non-spawn monster count
 F = Spawn count percentage of total count
 G = Total turns spent on level
                    A         B        C        D         E        F      G
               +---------+---------+-------+---------+---------+-------+---------
         Total |       0 |    4089 |   0.0 |       0 |      17 |   0.0 |   548
               +---------+---------+-------+---------+---------+-------+---------
             D |       0 |    4089 |   0.0 |       0 |      17 |   0.0 |   548
               +---------+---------+-------+---------+---------+-------+---------
